AoeStats
← 297539664

Black Forest

509294174Analyzed
4v4 RM · 6d ago on Sep 26, 2026· 43m 36s· 8 players
Game mode
Random Map
Map size
Large (8 player)
Population
200
Speed
Normal
Resources
Standard
Victory
Conquest
Starting age
Dark Age
Ending age
Imperial Age
RankedLock teamsTeams togetherTeam positionsShared explorationLock speedFull tech treeHidden civsTurbo modeCheats
Victory
Defeat
🇨🇳 Slavs · China
1458
+12
🇹🇼 Danes · Taiwan
1413
+14
🇦🇺 Saxons · Australia
1392
+15
🇨🇳 Varangians · China
1370
+16
🇨🇦 Celts · Canada
1441
-17
🇨🇳 Varangians · China
1370
-14
1336
-13
🇭🇰 Persians · Hong Kong SAR China
1330
-13
Laki
0:56 Loom
10:39 Feudal Age
14:41 Castle Age
13:30 Double-Bit Axe
26:22 Wheelbarrow
27:19 Bow Saw
30:56 Imperial Age
29:12 Scale Barding Armor
29:59 Gold Mining
30:03 Horse Collar
31:14 Hand Cart
31:47 Chain Barding Armor
33:17 Conscription
33:56 Plate Barding Armor
35:09 Fletching
35:48 Vendel Legacy
37:03 Town Watch
37:15 Bodkin Arrow
38:55 Bracer
39:23 Bloodlines
39:13 Husbandry
39:31 Town Patrol
39:43 Forging
39:34 Scale Mail Armor
41:05 Coinage
40:46 Guilds
40:22 Elite Jarl
41:41 Iron Casting
43:45 Banking
44:53 Blast Furnace
297539664
10:54 Feudal Age
14:32 Castle Age
12:22 Double-Bit Axe
12:21 Horse Collar
15:37 Bow Saw
23:59 Wheelbarrow
23:31 Gold Mining
28:50 Imperial Age
26:37 Hand Cart
26:24 Scale Mail Armor
27:14 Gold Shaft Mining
27:14 Forging
27:42 Chain Mail Armor
28:51 Iron Casting
27:56 Pikeman
28:37 Squires
28:02 Man-at-Arms
28:54 Halberdier
29:36 Druzhina
29:57 Conscription
28:59 Capped Ram
30:24 Plate Mail Armor
29:38 Long Swordsman
31:20 Blast Furnace
30:14 Siege Ram
30:43 Two-Handed Swordsman
31:26 Champion
33:26 Two-Man Saw
35:47 Detinets
Bleda the Hun
0:58 Loom
14:27 Feudal Age
18:05 Castle Age
16:09 Double-Bit Axe
16:06 Horse Collar
17:39 Town Watch
20:15 Wheelbarrow
20:42 Bow Saw
20:46 Heavy Plow
24:49 Fletching
26:08 Bodkin Arrow
27:33 Hand Cart
32:38 Imperial Age
30:07 Stone Mining
30:37 Gold Mining
31:14 Scale Mail Armor
31:26 Forging
31:20 Squires
31:09 Arson
32:07 Treadmill Crane
32:47 Ballistics
32:49 Chain Mail Armor
33:54 Gold Shaft Mining
33:23 Bracer
34:28 Chemistry
33:15 Arrowslits
34:38 Two-Man Saw
34:35 Fortified Wall
34:13 Arrowslits
35:37 Plate Mail Armor
35:31 Conscription
34:59 Pikeman
35:47 Guard Tower
35:51 Elite Hearth Troop
37:45 Iron Casting
39:24 Masonry
41:35 Caravan
41:58 Caravan
eddy1343712
12:02 Feudal Age
13:30 Feudal Age
16:44 Castle Age
14:30 Fishing Lines
14:57 Double-Bit Axe
18:09 Bow Saw
17:51 Gillnets
21:13 Wheelbarrow
21:31 Horse Collar
22:20 Hand Cart
22:50 Heavy Plow
26:19 Gold Mining
31:06 Imperial Age
29:34 Gold Shaft Mining
28:51 Stone Mining
28:55 Loom
31:37 Stone Shaft Mining
31:05 Pikeman
31:46 Scale Mail Armor
31:52 Halberdier
32:25 Northmen's Fury
33:26 Conscription
32:30 Onager
33:31 Chain Mail Armor
33:17 Squires
33:38 Arson
34:04 Forging
35:02 Plate Mail Armor
34:43 Forging
34:43 Siege Engineers
35:39 Chemistry
34:20 Hamask
35:08 Siege Onager
39:15 Caravan
40:48 Capped Ram
开心不易
11:09 Feudal Age
15:45 Castle Age
13:40 Double-Bit Axe
13:46 Horse Collar
14:41 Fishing Lines
17:43 Bow Saw
19:03 Wheelbarrow
26:16 Hand Cart
25:47 Town Watch
25:48 Loom
27:20 Gillnets
32:42 Imperial Age
31:59 Squires
31:44 Gambesons
32:48 Pikeman
34:25 Conscription
35:33 Scale Mail Armor
35:43 Forging
37:04 Conscription
36:54 Husbandry
38:21 Chain Mail Armor
38:42 Iron Casting
37:33 Elite Varangian Guard
38:19 Halberdier
迪恩-伊薩卡-凡爾賽提斯
5:18 Loom
11:27 Feudal Age
13:24 Double-Bit Axe
16:00 Castle Age
13:50 Horse Collar
15:20 Fletching
17:17 Bow Saw
17:37 Bodkin Arrow
17:55 Heavy Plow
29:13 Wheelbarrow
32:51 Imperial Age
30:58 Fortified Wall
31:30 Hand Cart
35:30 Chemistry
35:23 Bracer
35:25 Padded Archer Armor
34:56 Pikeman
35:37 Squires
武帝曹操
9:48 Loom
12:04 Feudal Age
17:11 Castle Age
15:13 Double-Bit Axe
18:54 Bow Saw
18:39 Fishing Lines
18:58 Horse Collar
23:04 Wheelbarrow
25:28 Gillnets
25:48 Heavy Plow
26:41 Hand Cart
27:59 Gold Mining
27:59 Stone Mining
31:45 Imperial Age
30:29 Scale Barding Armor
30:35 Forging
31:29 Stone Shaft Mining
31:30 Gold Shaft Mining
32:13 Chain Barding Armor
32:36 Conscription
31:36 Elite War Elephant
32:57 Iron Casting
33:42 Plate Barding Armor
33:57 Husbandry
34:07 Bloodlines
33:47 Light Cavalry
35:26 Citadels
35:52 Hoardings
35:46 Devotion
36:54 Elite Skirmisher
40:53 Kamandaran
Birdlovingasian
1:07 Loom
15:23 Feudal Age
19:16 Castle Age
18:19 Horse Collar
18:27 Double-Bit Axe
19:18 Fishing Lines
20:43 Bow Saw
20:36 Horse Collar
27:10 Heavy Plow
28:49 Gold Mining
31:58 Imperial Age
30:38 Fletching
31:24 Wheelbarrow
30:44 Gambesons
30:22 Man-at-Arms
31:06 Scale Mail Armor
31:21 Gambesons
32:41 Chain Mail Armor
32:04 Long Swordsman
32:51 Two-Handed Swordsman
34:02 Plate Mail Armor
33:50 Stone Mining
34:34 Ballistics
34:53 Capped Ram
36:21 Conscription
38:17 Champion
39:21 Siege Engineers
39:18 Heavy Scorpion
40:45 Forging
40:31 Bodkin Arrow
40:54 Masonry
44:02 Iron Casting
Connection lost

Rejoining the realm…

Still unreachable

The connection could not be restored.

Session expired

The server has moved on; the page needs a fresh start.